 Dungeon Crawl Stone Soup version 0.23.0 (webtiles) character file.

Game seed: 13128380922855168207

144 Borgoz the Ruffian (level 5, -6/44 (45) HPs)
             Began as a Ghoul Gladiator on Feb 16, 2019.
             Mangled by Crazy Yiuf
             ... wielding a +3 quarterstaff of chaos
              (9 damage)
             ... on level 2 of the Dungeon.
             The game lasted 00:02:36 (1436 turns).

Borgoz the Ruffian (Ghoul Gladiator)                Turns: 1436, Time: 00:02:37

HP:   -6/44 (45)    AC:  5    Str: 18    XL:     5   Next: 26%
MP:   4/4           EV: 13    Int:  3    God:
Gold: 56            SH:  0    Dex: 11    Spells: 4/4 levels left

rFire    . . .     SeeInvis .     - Unarmed
rCold    + . .     Gourm    .   (no shield)
rNeg     + + +     Faith    .   a - +1 leather armour
rPois    ∞         Spirit   .   b - +0 helmet
rElec    .         Reflect  .   (no cloak)
rCorr    .         Harm     .   (no gloves)
MR       .....                  (no boots)
Stlth    +.........             (no amulet)
HPRegen  0.00/turn              (no ring)
MPRegen  0.09/turn              (no ring)

@: rotting
A: rotting body, claws 1, carnivore, cold resistance 1, negative energy
resistance 3, inhibited regeneration, torment resistance, unbreathing
a: no special abilities


You were on level 2 of the Dungeon.
You were not hungry.

You visited 1 branch of the dungeon, and saw 2 of its levels.

You collected 56 gold pieces.

Inventory:

Missiles
 c - 3 throwing nets (quivered)
Armour
 a - a +1 leather armour (worn)
 b - a +0 helmet (worn)
Jewellery
 k - an uncursed ring of wizardry {unknown}
Scrolls
 j - a scroll of teleportation
 o - a scroll of magic mapping
Potions
 e - a potion of experience {unknown}
 f - a potion of lignification {unknown}
 h - a potion of curing {unknown}
 l - a potion of resistance {unknown}
 m - a potion of brilliance {unknown}
 n - a potion of flight {unknown}
Comestibles
 d - 2 rations


   Skills:
 + Level 3.5 Fighting
 + Level 2.8 Throwing
 + Level 3.4 Dodging
 + Level 4.2 Unarmed Combat


You had 4 spell levels left.
You didn't know any spells.
Your spell library was empty.

Dungeon Overview and Level Annotations

Branches:
Dungeon (2/15)

Altars:
Cheibriados

Annotations:
D:2 Crazy Yiuf


Innate Abilities, Weirdness & Mutations

Your body is rotting away.
You thrive on raw meat.
You are immune to poison.
You have sharp fingernails.
You are carnivorous and can eat meat at any time.
Your flesh is cold resistant. (rC+)
You are immune to negative energy. (rN+++)
You do not regenerate when monsters are visible.
You are immune to unholy pain and torment.
You can survive without breathing.


Message History

Crazy Yiuf is moderately wounded.
Crazy Yiuf grits, "Shower bush chair!"
Crazy Yiuf hits you with a +3 quarterstaff of chaos.
You convulse!
You scratch Crazy Yiuf but do no damage.
Crazy Yiuf is moderately wounded.
Crazy Yiuf hits you with a +3 quarterstaff of chaos.
You closely miss Crazy Yiuf.
Crazy Yiuf is moderately wounded.
Crazy Yiuf hits you with a +3 quarterstaff of chaos.
You convulse!
* * * LOW HITPOINT WARNING * * *
You claw Crazy Yiuf! You claw Crazy Yiuf.
Crazy Yiuf is severely wounded.
You completely miss Crazy Yiuf.
Crazy Yiuf is severely wounded.
Crazy Yiuf hits you with a +3 quarterstaff of chaos!
* * * LOW HITPOINT WARNING * * *
You convulse!
You die...

.........[............#...#
#..#
....#####........####.....#
##.# ....# #........#
####### #.#
....##############
#######.## ........#
#......... ....#####
########.. ....######♣
**### ### ........+.♣♣♣
♣♣#)))#
....##....PP♣♣♣♣@g)).#
.>..##.....P)♣))♣#)))#
######..+.P)♣)♣♣♣**###
#####♣♣♣♣♣


You could see Crazy Yiuf.

Vanquished Creatures
  Natasha (thrice) (D:2)
  2 adders (D:2)
  A worm (D:2)
  2 dart slugs (D:2)
  A leopard gecko (D:2)
  6 bats
  A giant cockroach (D:2)
  8 goblins
  5 hobgoblins
  2 jackals (D:1)
  A quokka (D:2)
  2 ball pythons (D:2)
  3 frilled lizards
  3 kobolds (D:1)
  7 rats
  A fungus (D:2)
48 creatures vanquished.

Notes
Turn   | Place    | Note
-------+----------+-------------------------------------------
     0 | D:1      | Borgoz the Ghoul Gladiator began the quest for the Orb.
     0 | D:1      | Reached XP level 1. HP: 17/17 MP: 0/0
   114 | D:1      | Reached XP level 2. HP: 19/25 MP: 1/1
   694 | D:2      | Reached XP level 3. HP: 30/30 MP: 2/2
   743 | D:2      | Found a faded altar of an unknown god.
   921 | D:2      | Reached XP level 4. HP: 38/38 MP: 3/3
   967 | D:2      | Found a snail-covered altar of Cheibriados.
   980 | D:2      | Noticed Natasha
   988 | D:2      | Killed Natasha
   988 | D:2      | Reached skill level 4 in Unarmed Combat
  1047 | D:2      | Noticed Natasha
  1057 | D:2      | Killed Natasha
  1057 | D:2      | Reached XP level 5. HP: 31/45 MP: 4/4
  1086 | D:2      | Noticed Natasha
  1095 | D:2      | Killed Natasha
  1425 | D:2      | Found a runed translucent door.
  1426 | D:2      | Noticed Crazy Yiuf
  1436 | D:2      | Mangled by Crazy Yiuf

Skill      XL: |  1  2  3  4 |
---------------+-------------+-----
Throwing       | 2 |  2.8
Dodging        | 3 |  3.4
Fighting       | 3 |  3.5
Unarmed Combat | 4 |  4.2

Action                   |  1- 3 |  4- 6 || total
-------------------------+-------+-------++-------
Melee: Unarmed           |   118 |    59 ||   177
       Punch             |     1 |     2 ||     3
  Use: Scroll            |       |     5 ||     5
  Eat: Chunk             |    12 |     6 ||    18
Armor: Leather armour    |    34 |     6 ||    40
Dodge: Dodged            |    77 |    23 ||   100
